AoeStats
← Johnny Labios Sellados

Black Forest

510090012Analyzed
3v3 RM · 3d ago on Sep 29, 2026· 58m 10s· 6 players
Game mode
Random Map
Map size
Normal (6 player)
Population
200
Speed
Normal
Resources
Standard
Victory
Conquest
Starting age
Dark Age
Ending age
Imperial Age
RankedLock teamsTeams togetherTeam positionsShared explorationLock speedFull tech treeHidden civsTurbo modeCheats
Victory
Defeat
🇨🇳 Franks · China
1059
+16
🇨🇳 Malay · China
1044
+17
🇹🇼 Chinese · Taiwan
1021
+18
🇪🇸 Saracens · Spain
1068
-17
1066
-17
🇪🇸 Gurjaras · Spain
1065
-17
jeffhou47
12:51 Feudal Age
13:46 Horse Collar
15:22 Gold Mining
15:25 Double-Bit Axe
16:40 Stone Mining
18:07 Man-at-Arms
21:16 Wheelbarrow
24:17 Castle Age
22:15 Fletching
22:25 Padded Archer Armor
22:26 Scale Mail Armor
25:12 Bow Saw
25:32 Pikeman
26:32 Leather Archer Armor
28:50 Chain Mail Armor
29:22 Coinage
31:46 Imperial Age
30:30 Bodkin Arrow
30:03 Crossbowman
32:29 Fortified Wall
32:15 Murder Holes
33:10 Squires
33:53 Wheelbarrow
33:48 Arbalester
35:05 Ring Archer Armor
35:07 Plate Mail Armor
35:24 Caravan
38:06 Chemistry
38:05 Heavy Rocket Cart
44:50 Halberdier
45:08 Elite Skirmisher
45:58 Bracer
48:21 Thumb Ring
47:55 Cavalier
48:36 Husbandry
54:01 Banking
54:00 Heavy Scorpion
aaa916_
3:26 Loom
15:41 Feudal Age
16:56 Double-Bit Axe
17:47 Gold Mining
21:41 Castle Age
23:13 Bow Saw
23:41 Gold Shaft Mining
22:57 Stone Mining
28:14 Wheelbarrow
29:51 Town Watch
30:54 Hand Cart
33:25 Scale Barding Armor
33:30 Forging
33:22 Husbandry
33:30 Town Patrol
36:31 Imperial Age
34:57 Chain Barding Armor
36:16 Iron Casting
36:05 Ballistics
36:38 Cavalier
37:22 Chivalry
38:57 Plate Barding Armor
39:22 Blast Furnace
38:12 Arrowslits
38:44 Paladin
39:47 Conscription
40:03 Hoardings
40:47 Chemistry
39:37 Capped Ram
54:38 Padded Archer Armor
54:28 Fletching
54:00 Elite Skirmisher
55:57 Light Cavalry
beinl
12:12 Feudal Age
14:01 Loom
17:27 Castle Age
15:50 Double-Bit Axe
15:57 Horse Collar
19:32 Wheelbarrow
18:46 Town Watch
19:29 Bow Saw
23:19 Gold Mining
23:19 Stone Mining
28:49 Imperial Age
27:19 Gold Shaft Mining
27:29 Heavy Plow
27:21 Stone Mining
27:31 Fletching
27:41 Padded Archer Armor
28:39 Conscription
27:52 Pikeman
27:53 Man-at-Arms
28:33 Squires
30:42 Bodkin Arrow
30:58 Forging
32:05 Hand Cart
31:40 Town Watch
32:36 Thumb Ring
31:52 Crossbowman
32:35 Bracer
33:11 Iron Casting
32:52 Leather Archer Armor
32:01 Long Swordsman
33:31 Crop Rotation
33:00 Stone Mining
33:08 Halberdier
33:09 Two-Handed Swordsman
33:11 Elite Skirmisher
33:58 Arson
34:20 Scale Barding Armor
36:08 Chemistry
35:28 Ballistics
34:31 Arbalester
36:15 Blast Furnace
35:54 Town Patrol
37:09 Forced Levy
39:04 Ring Archer Armor
39:21 Light Cavalry
40:50 Onager
La Caja
0:39 Loom
13:37 Feudal Age
20:16 Castle Age
18:16 Double-Bit Axe
18:13 Horse Collar
27:28 Wheelbarrow
27:26 Bow Saw
28:08 Heavy Plow
33:12 Imperial Age
31:23 Fortified Wall
31:43 Gold Mining
31:43 Stone Mining
32:28 Hand Cart
32:32 Town Watch
34:28 Gold Shaft Mining
35:02 Chemistry
34:14 Masonry
34:25 Ballistics
34:31 Murder Holes
35:21 Town Patrol
36:44 Conscription
37:21 Hoardings
37:03 Siege Engineers
37:05 Caravan
37:51 Forging
37:47 Scale Barding Armor
37:55 Thumb Ring
37:53 Husbandry
39:29 Two-Man Saw
38:26 Elite Mameluke
39:37 Bloodlines
39:27 Fletching
40:54 Iron Casting
41:07 Squires
42:11 Elite Skirmisher
43:14 Bodkin Arrow
43:20 Padded Archer Armor
45:28 Blast Furnace
44:48 Chain Barding Armor
44:29 Bracer
44:49 Crossbowman
45:55 Parthian Tactics
44:51 Heavy Cavalry Archer
46:02 Counterweights
45:47 Arbalester
47:58 Leather Archer Armor
48:09 Heavy Camel Rider
Disco Stu
0:27 Loom
16:27 Feudal Age
23:26 Castle Age
36:13 Imperial Age
34:24 Fortified Wall
35:38 Husbandry
36:05 Bloodlines
36:42 Town Watch
40:05 Wheelbarrow
41:24 Hand Cart
42:37 Heavy Camel Rider
49:55 Scale Barding Armor
52:20 Chain Barding Armor
Johnny Labios Sellados
0:31 Loom
11:19 Feudal Age
18:20 Castle Age
16:29 Double-Bit Axe
31:44 Imperial Age
29:27 Crossbowman
30:12 Thumb Ring
30:44 Bow Saw
30:18 Horse Collar
30:42 Caravan
31:55 Fortified Wall
32:46 Wheelbarrow
31:56 Arbalester
33:22 Fletching
33:32 Padded Archer Armor
33:56 Padded Archer Armor
35:00 Chemistry
35:23 Ballistics
35:00 Bodkin Arrow
35:20 Leather Archer Armor
35:35 Hand Cart
36:36 Two-Man Saw
36:17 Bracer
36:27 Heavy Plow
38:04 Ring Archer Armor
37:50 Masonry
38:42 Conscription
38:51 Siege Engineers
38:56 Town Watch
41:12 Architecture
40:38 Murder Holes
Connection lost

Rejoining the realm…

Still unreachable

The connection could not be restored.

Session expired

The server has moved on; the page needs a fresh start.